 Dungeon Crawl Stone Soup version 0.30-a0-696-g2367cd04db (webtiles) character file.

Game seed: 8353559416454168481

5448 Rennog the Grappler (level 10, -4/80 HPs)
             Began as a Troll Fighter on Jan 21, 2023.
             Was a Believer of Ru.
             Slain by a freezing wraith (11 damage)
             ... on level 1 of the Abyss.
             The game lasted 00:18:00 (6818 turns).

Rennog the Grappler (Troll Fighter)                 Turns: 6818, Time: 00:18:01

Health: -4/80      AC:  9    Str: 26    XL:     10   Next: 41%
Magic:  9/9        EV: 11    Int:  4    God:    Ru [**....]
Gold:   310        SH: 15    Dex: 13    Spells: 9/9 levels left

rFire   x . .      SeeInvis .      - Unarmed
rCold   + . .      Faith    .    b - +0 kite shield
rNeg    . . .      Spirit   .    a - +0 robe
rPois   .          Reflect  +    (helmet restricted)
rElec   .          Harm     .    h - +0 cloak
rCorr   .          Rampage  .    (gloves unavailable)
Will    .....      Rage     9%   (boots unavailable)
Stlth   +                        d - amulet of reflection
HPRegen 1.13/turn                J - +4 ring of protection
MPRegen 0.11/turn                C - ring of ice

@: brilliant, on berserk cooldown, slowed, very slow
A: large, unfitting armour, claws 3, regeneration 1, shaggy fur 1, tough skin 1,
hated by all, [berserk 2], [frail 2]
a: Renounce Religion


You were on level 1 of the Abyss.
You worshipped Ru.
Ru was pleased with you.
You visited 2 branches of the dungeon, and saw 10 of its levels.
You visited the Abyss 1 time.

You collected 407 gold pieces.
You spent 97 gold pieces at shops.

Inventory:

Armour
 a - a +0 robe (worn)
 b - a +0 kite shield (worn)
 h - a +0 cloak (worn)
Jewellery
 d - an amulet of reflection (around neck)
 v - an amulet of magic regeneration
 x - a ring of resist corrosion
 C - a ring of ice (right claw)
 H - an amulet of guardian spirit
 J - a +4 ring of protection (left claw)
 L - a +6 ring of strength
Wands
 s - a wand of flame (42)
 w - a wand of digging (3)
 B - a wand of mindburst (14)
 K - a wand of iceblast (25)
Scrolls
 e - 3 scrolls of enchant armour {unknown}
 g - 11 scrolls of identify {unknown}
 j - a scroll of vulnerability {unknown}
 n - 2 scrolls of brand weapon {unknown}
 o - 2 scrolls of noise {unknown}
 p - a scroll of magic mapping {unknown}
 u - a scroll of immolation {unknown}
 y - a scroll of enchant weapon {unknown}
 A - 5 scrolls of teleportation
 E - 2 scrolls of blinking
 F - 2 scrolls of amnesia {unknown}
 G - 3 scrolls of silence {unknown}
 I - a scroll of poison {unknown}
 M - a scroll of acquirement {unknown}
 N - a scroll of fear {unknown}
Potions
 c - 4 potions of might
 f - a potion of haste {unknown}
 i - 5 potions of curing
 k - 2 potions of flight {unknown}
 l - 2 potions of mutation {unknown}
 m - 2 potions of magic {unknown}
 q - 4 potions of brilliance
 r - 2 potions of heal wounds {unknown}
 t - 2 potions of berserk rage {unknown}
 z - 3 potions of ambrosia {unknown}
 D - a potion of cancellation {unknown}


   Skills:
 + Level 6.3 Fighting
 + Level 6.3 Dodging
 + Level 7.0 Shields
 * Level 10.1 Unarmed Combat


You had 9 spell levels left.
You didn't know any spells.
Your spell library contained the following spells:

 Spells                   Type           Power      Damage    Failure   Level
 Frozen Ramparts          Ice            0%         1d1       98%         3
 Ozocubu's Armour         Ice            0%         N/A       98%         3
 Ice Form                 Ice/Tmut       0%         N/A       100%        4
 Ozocubu's Refrigeration  Ice            0%         4d7       100%        7
 Summon Ice Beast         Ice/Summ       Unusable   N/A       N/A         4

Dungeon Overview and Level Annotations

Branches:
Dungeon (9/15)             Temple (1/1) D:7
   Lair: D:8-11         Orc: D:9-12

Altars:
Ashenzari
Cheibriados
Dithmenos
Elyvilon
Gozag
Kikubaaqudgha
Nemelex Xobeh
Ru
Sif Muna
Trog
Uskayaw
Vehumet
Wu Jian
Xom
Zin
The Shining One

Shops:
D:2 :   D:5 *   D:7 *

Annotations:
D:9 Psyche


Innate Abilities, Weirdness & Mutations

You are too large for most types of armour.
You have claws for hands.
Your natural rate of healing is unusually fast.
You are covered in fur. (AC +1)
You have tough skin. (AC +1)
You are hated by all.
[You have an uncontrollable temper.]
[You are very frail. (-20% HP)]


Message History

You kill the shadow imp!
You feel a strong urge to attack something.
You are no longer berserk.
You are exhausted.
You feel yourself slow down.
You start resting.
A freezing wraith comes into view.
You closely miss the freezing wraith. You block the freezing wraith's attack.
The freezing wraith hits you.
You scratch the freezing wraith but do no damage.
You block the freezing wraith's attack. x2
You barely miss the freezing wraith. The freezing wraith hits you.
The freezing wraith freezes you!
* * * LOW HITPOINT WARNING * * *
The freezing wraith hits you.
* * * LOW HITPOINT WARNING * * *
The freezing wraith drains your vigour!
You feel as though you will be slow longer.
The freezing wraith closely misses you. The freezing wraith hits you.
* * * LOW HITPOINT WARNING * * *
You remove your +6 ring of strength.
You feel weaker.
You feel more attuned to ice.
C - a ring of ice (right claw)
The freezing wraith barely misses you. The freezing wraith hits you.
* * * LOW HITPOINT WARNING * * *
The freezing wraith drains your vigour!
You feel as though you will be slow longer.
A freezing wraith is nearby!
It was a potion of brilliance.
You feel clever all of a sudden.
The freezing wraith hits you but does no damage.
The freezing wraith hits you!
* * * LOW HITPOINT WARNING * * *
The freezing wraith drains your vigour!
You feel as though you will be slow longer.
You feel better. The freezing wraith hits you!
* * * LOW HITPOINT WARNING * * *
The freezing wraith freezes you! You resist.
You die...

# #.# .. ..
#. # .. # # .
.#. #. # # #.
#.# . # # ##
# # #.. #
######
#...####...##
# #..@W.## ..
# #..###..# .
#. # #.
###.## .#
.5.. #.# ..##
##.#.# #.
##.###.#...
#.# ..# ~
#...#..# ≈
##.###. ~ .#
# .


You could see a freezing wraith.

Vanquished Creatures
  Maggie (D:6)
  A shadow (D:6)
  9 yaks (D:8)
  A chaos spawn (Abyss:1)
  A naga (Abyss:1)
  Menkaure (D:6)
  A water moccasin (D:7)
  2 small abominations (Abyss:1)
  An ice beast (D:6)
  A black bear (D:6)
  3 sky beasts (D:8)
  3 ogres
  5 centaurs
  A phantom (D:5)
  2 kobold brigands
  5 bullfrogs
  3 scorpions
  4 wights (D:8)
  2 killer bees (D:9)
  4 howler monkeys
  An electric eel (D:7)
  A jelly (D:7)
  2 hounds
  4 iguanas
  5 orc wizards
  Robin (D:2)
  12 adders
  3 gnolls (D:3)
  A shadow imp (Abyss:1)
  An ufetubus (D:4)
  2 worms (D:3)
  3 dart slugs
  15 orcs
  5 ball pythons
  7 endoplasms
  A giant cockroach (D:3)
  14 goblins
  10 hobgoblins
  11 jackals
  4 quokkas
  8 bats (D:1)
  6 frilled lizards (D:1)
  13 kobolds
  6 rats
187 creatures vanquished.

Vanquished Creatures (others)
  An angel (D:7)
  A thrashing horror (Abyss:1)
  A killer bee (D:9)
  An orc (D:6)
  A kobold (D:9)
5 creatures vanquished.

Grand Total: 192 creatures vanquished

Notes
Turn   | Place    | Note
-------+----------+-------------------------------------------
     0 | D:1      | Rennog the Troll Fighter began the quest for the Orb.
     0 | D:1      | Reached XP level 1. HP: 22/22 MP: 0/0
   103 | D:1      | Reached XP level 2. HP: 29/29 MP: 1/1
   307 | D:1      | Reached XP level 3. HP: 36/36 MP: 2/2
   837 | D:2      | Reached skill level 3 in Unarmed Combat
   941 | D:2      | Reached XP level 4. HP: 44/44 MP: 3/3
  1034 | D:2      | Found Deduiseg's Book Shoppe.
  1344 | D:2      | Noticed Robin
  1359 | D:2      | Killed Robin
  1520 | D:2      | Reached XP level 5. HP: 52/53 MP: 4/4
  1796 | D:3      | Found a radiant altar of Vehumet.
  1962 | D:3      | Reached skill level 4 in Unarmed Combat
  2242 | D:3      | Found a sparkling altar of Nemelex Xobeh.
  2287 | D:3      | Reached XP level 6. HP: 61/61 MP: 5/5
  3247 | D:5      | Entered Level 5 of the Dungeon
  3282 | D:5      | Reached skill level 5 in Unarmed Combat
  3292 | D:5      | Reached XP level 7. HP: 37/67 MP: 6/6
  3790 | D:5      | Found Ryalit's Assorted Antiques.
  4087 | D:6      | Reached skill level 6 in Unarmed Combat
  4201 | D:6      | Noticed a shadow
  4205 | D:6      | Killed a shadow
  4206 | D:6      | Reached XP level 8. HP: 68/78 MP: 7/7
  4289 | D:6      | Noticed Maggie
  4301 | D:6      | Killed Maggie
  4302 | D:6      | Reached skill level 5 in Shields
  4302 | D:6      | Reached skill level 7 in Unarmed Combat
  4419 | D:6      | Noticed Menkaure
  4423 | D:6      | Killed Menkaure
  4759 | D:7      | Found Qullivas's General Store.
  4765 | D:7      | Bought a scroll of blinking for 97 gold pieces
  4803 | D:7      | Reached skill level 5 in Fighting
  4808 | D:7      | Reached skill level 5 in Dodging
  4808 | D:7      | Reached XP level 9. HP: 29/88 MP: 8/8
  4879 | D:7      | Found a staircase to the Ecumenical Temple.
  4890 | D:7      | Reached skill level 8 in Unarmed Combat
  4895 | Temple   | Entered the Ecumenical Temple
  4895 | Temple   | Found a transporter.
  4895 | Temple   | Found a transporter.
  4897 | Temple   | Found a transporter.
  4897 | Temple   | Found a transporter.
  4952 | Temple   | Became a worshipper of Ru the Awakened
  4984 | D:7      | Found an opulent altar of Gozag.
  5150 | D:7      | Killed an angel
  5386 | D:7      | Found a glowing silver altar of Zin.
  5407 | D:7      | Found a shimmering altar of Xom.
  5608 | D:8      | Reached skill level 9 in Unarmed Combat
  5754 | D:8      | Reached XP level 10. HP: 88/98 MP: 9/9
  6303 | D:9      | Gained mutation: You are hated by all. [Ru sacrifice]
  6303 | D:9      | Reached * piety under Ru
  6303 | D:9      | Reached ** piety under Ru
  6353 | D:9      | Found a broken altar of Ashenzari.
  6415 | D:9      | Noticed Psyche
  6560 | Abyss:1  | Cast into level 1 of the Abyss (Psyche)
  6629 | Abyss:1  | Noticed a guardian serpent
  6663 | Abyss:1  | Reached skill level 10 in Unarmed Combat
  6667 | Abyss:1  | Noticed a bone dragon
  6676 | Abyss:1  | Noticed a thrashing horror
  6681 | Abyss:1  | Noticed a wretched star
  6685 | Abyss:1  | Killed a thrashing horror
  6686 | Abyss:1  | Noticed a wretched star
  6703 | Abyss:1  | Found a corrupted altar of Lugonu.
  6703 | Abyss:1  | Noticed a starcursed mass
  6818 | Abyss:1  | Slain by a freezing wraith

Illustrated notes

Levels and vault maps discovered:
D:1:      spicycebolla_green_bress_n_ham, layout_loops_ring
D:2:      layout_loops_corners, serial_shops, nicolae_shop_trees,
          chequers_serial_rivers_micro_c, uniq_robin
D:3:      layout_basic, nemelex_spade_bored_becter, lemuel_crystal_altar
D:4:      layout_cave_pods, minmay_misc_feat_nine_boxes
D:5:      layout_loops_cross, serial_shops, shop, corner_web_ring
D:6:      layout_loops_ring, fountainhead, uniq_menkaure, uniq_maggie
D:7:      layout_rooms, grunt_temple_overflow_order_and_chaos_1,
          mainiacjoe_overflow_cross_hatched, minmay_temple_entry_mist,
          serial_shops, shop, nrook_pool_corridor
D:8:      layout_loops_ring, grunt_ministairs_9
D:9:      layout_cross, evilmike_ruin_ashenzari, lemuel_crystal_altar,
          lair_entry_dummy, uniq_psyche
Temple:   hellmonk_temple_divided_pantheon
Abyss:1:  base: D:7, spicy_abyss_planar_alliance, spicy_abyss_planar_alliance

Skill      XL: |  1  2  3  4  5  6  7  8  9 10 |
---------------+-------------------------------+-----
Shields        | 3 4 5 6 7 |  7.0
Unarmed Combat | 3 4 5 6 7 9 10 | 10.1
Fighting       | 3 4 5 6 |  6.3
Dodging        | 3 4 5 6 |  6.3

Action                   |  1- 3 |  4- 6 |  7- 9 | 10-12 || total
-------------------------+-------+-------+-------+-------++-------
Melee: Unarmed           |   141 |   226 |   177 |   112 ||   656
Invok: Sacrifice Love    |       |       |       |     1 ||     1
  Use: Potion            |       |       |       |     4 ||     4
       Scroll            |       |       |       |     1 ||     1
 Stab: Sleeping          |       |     2 |       |       ||     2
Armor: Robe              |    46 |    53 |    30 |    20 ||   149
       Skin              |       |       |       |     1 ||     1
Dodge: Dodged            |    44 |    58 |    47 |    36 ||   185
Block: Kite shield       |    75 |   141 |    85 |    74 ||   375
       Reflection        |     3 |     6 |     4 |     6 ||    19

Table legend: (Time is in decaauts)
 A = Elapsed time spent in this place.
 B = Non-inter-level travel time spent in this place.
 C = Inter-level travel time spent in this place.
 D = Time resting spent in this place.
 E = Time spent auto-exploring this place.
 F = Levels seen in this place.
 G = Mean time per level.
                   A        B        C        D        E       F      G
               +--------+--------+--------+--------+--------+-----+--------+
         Total |   6817 |   6468 |    349 |     85 |   4885 |  11 |  619.7 |
       Dungeon |   6502 |   6182 |    320 |     78 |   4844 |   9 |  722.4 |
        Temple |     72 |     43 |     29 |      0 |     10 |   1 |   72.0 |
         Abyss |    243 |    243 |      0 |      7 |     31 |   1 |  243.0 |
               +--------+--------+--------+--------+--------+-----+--------+

Top non-repeatable levels by time:
     D:2: 969 daAuts
     D:8: 883 daAuts
     D:4: 858 daAuts
     D:6: 806 daAuts
     D:1: 735 daAuts
     D:3: 708 daAuts
     D:5: 706 daAuts
     D:7: 652 daAuts
 Abyss:1: 243 daAuts
     D:9: 181 daAuts
  Temple: 72 daAuts
